 Dungeon Crawl Stone Soup version 0.23.2-40-g277498a001 (webtiles) character file.

Game seed: 6308334524664633231

47 Descartes the Scratcher (level 3, -11/15 HPs)
             Began as a Felid Transmuter on Aug 20, 2019.
             Killed by divine providence
             ... invoked by an orc priest
              (12 damage)
             ... on level 3 of the Dungeon.
             The game lasted 00:05:41 (2821 turns).

Descartes the Scratcher (Felid Transmuter)          Turns: 2821, Time: 00:05:41

Health: -11/15     AC:  1    Str:  7    XL:     3   Next: 48%
Magic:  7/7        EV: 19    Int: 14    God:
Gold:   119        SH:  0    Dex: 16    Spells: 3/6 levels left
                                        Lives:  0   Deaths: 1

rFire    . . .     SeeInvis +     - Unarmed
rCold    . . .     Gourm    .   (shield unavailable)
rNeg     . . .     Faith    .   (armour unavailable)
rPois    +         Spirit   .   (helmet unavailable)
rElec    .         Reflect  .   (cloak unavailable)
rCorr    .         Harm     .   (gloves unavailable)
MR       .....                  (boots unavailable)
Stlth    +++.......             (no amulet)
HPRegen  0.05/turn              m - ring of poison resistance
MPRegen  0.10/turn              (no ring)

@: appendage (expiring), quick
A: very small, no armour, no weapons or thrown items, stealth, claws 1, fangs 3,
horns 2, see invisible, carnivore, speed 1, shaggy fur 1, slow metabolism 1,
sharp paws
a: End Transformation


You were on level 3 of the Dungeon.
You were not hungry.
You had grown temporary horns.
You visited 1 branch of the dungeon, and saw 3 of its levels.

You collected 119 gold pieces.

Inventory:

Missiles
 a - 26 arrows
 p - 25 stones
Jewellery
 m - a ring of poison resistance (left paw)
Scrolls
 d - 8 scrolls of identify {unknown}
 g - 2 scrolls of magic mapping {unknown}
 h - a scroll of immolation {unknown}
 i - 2 scrolls of teleportation {unknown}
 n - a scroll of fog {unknown}
Potions
 b - 4 potions of heal wounds {unknown}
 e - a potion of magic {unknown}
 f - 2 potions of lignification {unknown}
 j - 2 potions of curing {unknown}
 k - a potion of brilliance {unknown}
 l - a potion of agility {unknown}
Comestibles
 c - 3 rations


   Skills:
 + Level 1.6 Fighting
 + Level 3.4 Dodging
 * Level 2.6 Stealth
 * Level 3.5 Unarmed Combat
 + Level 2.2 Spellcasting
 * Level 3.1 Transmutations


You had 3 spell levels left.
You knew the following spells:

 Your Spells              Type           Power        Failure   Level  Hunger
a - Beastly Appendage     Tmut           ##....       6%          1    #......
b - Sticks to Snakes      Tmut           ##......     10%         2    ###....

Your spell library contained the following spells:

 Spells                   Type           Power        Failure   Level  Hunger
 Spider Form              Tmut/Pois      #.........   36%         3    ###....
 Ice Form                 Ice/Tmut       #.......     77%         4    #####..
 Blade Hands              Tmut           ##........   86%         5    ######.


Dungeon Overview and Level Annotations

Branches:
Dungeon (3/15)

Altars:
Cheibriados
Vehumet


Innate Abilities, Weirdness & Mutations

You cannot wear armour.
You are incapable of wielding weapons or throwing items.
Your paws allow you to move quietly. (Stealth)
You have sharp claws.
You have razor-sharp teeth.
You have supernaturally acute eyesight. (SInv)
You are carnivorous and can eat meat at any time.
You cover ground quickly.
You are covered in fur. (AC +1)
You have a slow metabolism.
Your sharp claws are effective at attacking unaware monsters.
You have a pair of horns on your head.


Message History

Things that are here:
a +3 flail of draining; an orc corpse You barely miss the orc priest.
You headbutt the orc priest. You bite the orc priest.
The orc priest is moderately wounded.
Your transformation is almost over.
The orc priest hits you with a cursed -1 club.
* * * LOW HITPOINT WARNING * * *
You barely miss the orc priest.
The orc priest is moderately wounded.
The orc priest misses you.
You completely miss the orc priest. You headbutt the orc priest.
The orc priest is heavily wounded.
The orc priest barely misses you.
You scratch the orc priest.
The orc priest is severely wounded.
The orc priest mumbles some strange prayers to Beogh against you.
Beogh smites you!
Ouch! That really hurt!
You die...

#.......#.##...oo≈##########...
#.......####..≈≈≈≈≈##......###.
###+###.# #..≈≈.≈≈_#........##
#.....# ##.≈≈≈≈≈##.########.
####### #..≈≈≈....########.
#.##.#...........'.
#.##...#..####.#.#.
##o####.#.....#.#...
#..@....#.....#.....
#########.#.#####.#. #.#.#
#####. ##### ###.#.# #.....
#...# #.....# #.###. #.#.###
#.#...# #..... #.#...#
#.#...#######.
#.###.###......##..... #.#
#...#).##..##.####


You could see an orc priest.

Vanquished Creatures
  4 gnolls (D:3)
  An ooze (D:1)
  4 dart slugs
  2 leopard geckos
  An orc (D:3)
  2 ball pythons
  4 bats (D:1)
  3 giant cockroaches
  4 goblins
  4 hobgoblins
  4 quokkas
  6 frilled lizards
  5 kobolds
  8 rats
52 creatures vanquished.

Vanquished Creatures (others)
  A bat (D:3)
1 creature vanquished.

Grand Total: 53 creatures vanquished

Notes
Turn   | Place    | Note
-------+----------+-------------------------------------------
     0 | D:1      | Descartes the Felid Transmuter began the quest for the Orb.
     0 | D:1      | Reached XP level 1. HP: 9/9 MP: 4/4
   200 | D:1      | Reached skill level 1 in Stealth
   200 | D:1      | Reached XP level 2. HP: 10/12 MP: 4/6
   981 | D:2      | Reached XP level 3. HP: 15/15 MP: 5/7
  1505 | D:2      | Learned a level 2 spell: Sticks to Snakes
  2313 | D:3      | Reached XP level 4. HP: 14/19 MP: 6/8
  2456 | D:3      | Found a snail-covered altar of Cheibriados.
  2485 | D:3      | Found a radiant altar of Vehumet.
  2742 | D:3      | Killed from afar by an orc priest
  2743 | D:3      | Reached XP level 3. HP: -2/15 MP: 7/7
  2821 | D:3      | Killed from afar by an orc priest

Skill      XL: |  1  2  3 |
---------------+----------+-----
Stealth        | 1 2 |  2.6
Dodging        | 3 |  3.4
Transmutations | 3 |  3.1
Fighting       | |  1.6
Unarmed Combat | |  3.5
Spellcasting   | |  2.2

Action                   |  1- 3 |  4- 6 || total
-------------------------+-------+-------++-------
Melee: Unarmed           |   110 |    18 ||   128
       Headbutt          |    15 |     2 ||    17
       Bite              |     5 |       ||     5
       Punch             |     1 |     2 ||     3
 Cast: Beastly Appendage |    39 |     8 ||    47
 Stab: Sleeping          |     7 |     2 ||     9
  Eat: Chunk             |    11 |     1 ||    12
Armor: Skin              |     6 |       ||     6
Dodge: Dodged            |    64 |     7 ||    71
